 Dungeon Crawl Stone Soup version 0.28-a0-1234-g826d19b2e0 (webtiles) character file.

Game seed: 16572540058239678474

290 sanka the Magician (level 6, 0/44 HPs)
             Began as a Gnoll Hedge Wizard on Dec 23, 2021.
             Slain by a gnoll (4 damage)
             ... on level 4 of the Dungeon.
             The game lasted 00:05:52 (4219 turns).

sanka the Magician (Gnoll Hedge Wizard)             Turns: 4219, Time: 00:05:53

Health: 0/44       AC:  5    Str:  9    XL:     6   Next: 32%
Magic:  1/16       EV: 17    Int: 16    God:
Gold:   58         SH:  0    Dex: 11    Spells: 14/19 levels left

rFire   . . .      SeeInvis .   n - +0 whip (drain)
rCold   . . .      Faith    .   (no shield)
rNeg    . . .      Spirit   .   b - +0 robe
rPois   .          Reflect  .   m - +2 helmet
rElec   .          Harm     .   (no cloak)
rCorr   .          Rampage  .   (no gloves)
Will    +....                   (no boots)
Stlth   +++.......              (no amulet)
HPRegen 0.14/turn               o - ring of willpower
MPRegen 0.15/turn               d - +4 ring of evasion

@: no status effects
A: fangs 1, strong nose, distributed training
a: no special abilities


You were on level 4 of the Dungeon.
You visited 1 branch of the dungeon, and saw 4 of its levels.
You also visited: Sewer.

You collected 58 gold pieces.


Innate Abilities, Weirdness & Mutations

You have very sharp teeth.
Your uncanny sense of smell can sniff out nearby items.
Your experience applies equally to all skills.


   Skills:
 + Level 1.9 Fighting
 + Level 1.9 Short Blades
 + Level 1.9 Long Blades
 + Level 1.9 Axes
 + Level 1.9 Maces & Flails
 + Level 1.9 Polearms
 + Level 1.9 Staves
 + Level 1.9 Slings
 + Level 1.9 Bows
 + Level 1.9 Crossbows
 + Level 1.9 Throwing
 + Level 1.9 Armour
 + Level 4.9 Dodging
 + Level 4.5 Stealth
 + Level 1.9 Shields
 + Level 1.9 Unarmed Combat
 + Level 7.4 Spellcasting
 + Level 2.6 Conjurations
 + Level 1.5 Hexes
 + Level 2.6 Summonings
 + Level 1.5 Necromancy
 + Level 2.6 Translocations
 + Level 1.5 Transmutations
 + Level 1.5 Fire Magic
 + Level 1.5 Ice Magic
 + Level 1.5 Air Magic
 + Level 1.5 Earth Magic
 + Level 1.5 Poison Magic
 + Level 2.1 Invocations
 + Level 1.9 Evocations


You had 14 spell levels left.
You knew the following spells:

 Your Spells              Type           Power      Damage    Failure   Level
b - Blink                 Tloc           28%        N/A       6%          2
x - Call Imp              Summ           14%        N/A       6%          2
z - Magic Dart            Conj           56%        1d5       4%          1

Your spell library contained the following spells:

 Spells                   Type           Power      Damage    Failure   Level
 Slow                     Hex            40%        N/A       6%          1
 Conjure Flame            Conj/Fire      12%        6-21      16%         3
 Mephitic Cloud           Conj/Pois/Air  11%        N/A       17%         3

Inventory:

Hand Weapons
 a - a +0 dagger
 n - a +0 whip of draining (weapon)
Missiles
 h - 6 javelins
Armour
 b - a +0 robe (worn)
 c - a +0 hat
 m - a +2 helmet (worn)
Jewellery
 d - a +4 ring of evasion (right hand)
 o - a ring of willpower (left hand)
Wands
 t - a wand of charming (13)
Scrolls
 f - 3 scrolls of enchant weapon {unknown}
 i - 6 scrolls of teleportation {unknown}
 j - a scroll of blinking {unknown}
 q - 2 scrolls of identify {unknown}
 r - a scroll of acquirement {unknown}
 u - a scroll of magic mapping {unknown}
Potions
 e - 3 potions of flight
 g - a potion of brilliance {unknown}
 k - a potion of ambrosia {unknown}
 l - a potion of attraction {unknown}
 p - a potion of haste {unknown}
 s - 2 potions of heal wounds {@q2}
 v - a potion of cancellation {unknown}
 w - a potion of lignification {unknown}

Dungeon Overview and Level Annotations

Branches:
Dungeon (4/15)              Sewer (visited)
 Temple: D:4-7

Altars:

Shops:
D:2

= .'......... ..▒
.▒......... ..▒
▒▒......... ▒.▒
....(▒▒▒▒▒▒▒▒▒▒▒.▒▒▒
.....▒........▒....▒
.....▒........▒....▒
.....'........'....▒
.....▒▒▒▒▒▒▒▒▒▒▒..▒▒
▒▒▒▒▒▒▒..▒▒.▒▒▒▒g.▒▒
..............g....▒
∆
.............).....▒
............5g.....▒
...................▒
+▒▒▒g▒▒▒▒▒▒'▒▒▒▒▒▒▒▒
..g. ... ....... ...
..........


You could see 2 gnolls and a friendly shadow imp (summoned).


Message History

The gnoll dies!
The magic dart hits the gnoll.
The gnoll is moderately wounded.
The gnoll barely misses you.
Your shadow imp hits the gnoll.
You are too depleted to draw on your mana recklessly!
You are too depleted to draw on your mana recklessly!
You are too depleted to draw on your mana recklessly!
Unknown command.
The gnoll completely misses you.
Your shadow imp hits the gnoll.
You barely miss the gnoll.
The gnoll is moderately wounded.
The gnoll completely misses you.
Your shadow imp hits the gnoll but does no damage.
You barely miss the gnoll.
The gnoll is moderately wounded.
The gnoll closely misses you.
The gnoll hits you from afar with a +0 spear!
* * * LOW HITPOINT WARNING * * *
Your shadow imp hits the gnoll.
You hit the gnoll. You drain the gnoll.
The gnoll is almost dead.
The gnoll completely misses you.
The gnoll hits you from afar with a +0 spear.
* * * LOW HITPOINT WARNING * * *
Your shadow imp hits the gnoll.
The gnoll hits you from afar with a +2 antimagic spear.
You die...

Action                   |  1- 3 |  4- 6 || total
-------------------------+-------+-------++-------
Melee: Dagger            |    38 |    10 ||    48
       Bite              |     3 |     1 ||     4
       Whip              |       |   104 ||   104
 Cast: Magic Dart        |    94 |    78 ||   172
       Call Imp          |     2 |     4 ||     6
  Use: Potion            |       |     1 ||     1
 Stab: Distracted        |     1 |     1 ||     2
       Sleeping          |       |     2 ||     2
Armor: Robe              |     6 |    40 ||    46
Dodge: Dodged            |    26 |   113 ||   139

Levels and vault maps discovered:
D:1:      minmay_arrival_plants_in_alcoves, layout_loops_cross
D:2:      layout_basic, serial_shops, shop, uniq_robin
D:3:      layout_rooms, portal_sewer_entry_c
D:4:      layout_gridville, uniq_pargi

Notes
Turn   | Place    | Note
-------+----------+-------------------------------------------
     0 | D:1      | sanka the Gnoll Hedge Wizard began the quest for the Orb.
     0 | D:1      | Reached XP level 1. HP: 13/13 MP: 8/8
   154 | D:1      | Reached skill level 2 in Conjurations
   154 | D:1      | Reached skill level 2 in Summonings
   154 | D:1      | Reached skill level 2 in Translocations
   428 | D:1      | Reached XP level 2. HP: 20/20 MP: 3/10
   488 | D:1      | Learned a level 2 spell: Call Imp
   491 | D:1      | Learned a level 2 spell: Blink
   974 | D:2      | Found Memaviaf's Jewellery Boutique.
  1127 | D:2      | Reached XP level 3. HP: 25/25 MP: 6/11
  1277 | D:2      | Noticed Robin
  1286 | D:2      | Killed Robin
  1287 | D:2      | Reached skill level 1 in Invocations
  1408 | D:2      | Reached skill level 1 in Fighting
  1408 | D:2      | Reached skill level 1 in Short Blades
  1408 | D:2      | Reached skill level 1 in Long Blades
  1408 | D:2      | Reached skill level 1 in Axes
  1408 | D:2      | Reached skill level 1 in Maces & Flails
  1408 | D:2      | Reached skill level 1 in Polearms
  1408 | D:2      | Reached skill level 1 in Staves
  1408 | D:2      | Reached skill level 1 in Slings
  1408 | D:2      | Reached skill level 1 in Bows
  1408 | D:2      | Reached skill level 1 in Crossbows
  1408 | D:2      | Reached skill level 1 in Throwing
  1408 | D:2      | Reached skill level 1 in Armour
  1408 | D:2      | Reached skill level 1 in Shields
  1408 | D:2      | Reached skill level 1 in Unarmed Combat
  1408 | D:2      | Reached skill level 1 in Evocations
  1710 | D:2      | Reached XP level 4. HP: 32/32 MP: 10/13
  2753 | D:3      | Found a glowing drain.
  2773 | D:3      | Reached skill level 1 in Hexes
  2773 | D:3      | Reached skill level 1 in Necromancy
  2773 | D:3      | Reached skill level 1 in Transmutations
  2773 | D:3      | Reached skill level 1 in Fire Magic
  2773 | D:3      | Reached skill level 1 in Ice Magic
  2773 | D:3      | Reached skill level 1 in Air Magic
  2773 | D:3      | Reached skill level 1 in Earth Magic
  2773 | D:3      | Reached skill level 1 in Poison Magic
  2778 | Sewer    | Entered a sewer
  2935 | Sewer    | Noticed a kobold brigand
  2973 | Sewer    | Killed a kobold brigand
  2974 | Sewer    | Reached XP level 5. HP: 7/37 MP: 7/14
  3258 | Sewer    | Found a white marble altar of Elyvilon.
  3892 | D:4      | Reached skill level 2 in Invocations
  3892 | D:4      | Reached XP level 6. HP: 12/44 MP: 10/16
  4218 | D:4      | HP: 4/44 [gnoll (4)]
  4219 | D:4      | Slain by a gnoll

Vanquished Creatures
  A kobold brigand (Sewer)
  A scorpion (D:4)
  Robin (D:2)
  A gnoll (D:4)
  2 river rats
  4 adders
  2 worms
  2 dart slugs
  2 orcs
  4 bats
  3 endoplasms (D:1)
  3 giant cockroaches
  13 goblins
  3 hobgoblins
  3 jackals
  12 kobolds
  A quokka (D:2)
  A ball python (D:3)
  2 frilled lizards
  12 rats
73 creatures vanquished.

Vanquished Creatures (collateral kills)
  A gnoll (D:4)
  A worm (D:2)
  2 kobolds
4 creatures vanquished.

Grand Total: 77 creatures vanquished
